 Dungeon Crawl Stone Soup version 0.23-a0-183-gf37f6fb (webtiles) character file.

481 namelastname112 the Sneak (level 6, -1/51 HPs)
             Began as a Draconian Assassin on Sept 21, 2018.
             Slain by an ice beast (11 damage)
             ... on level 5 of the Dungeon.
             The game lasted 00:07:44 (4379 turns).

namelastname112 the Sneak (Draconian Assassin)      Turns: 4379, Time: 00:07:45

Health: -1/51      AC:  8    Str: 13    XL:     6   Next: 87%
Magic:  6/6        EV: 12    Int: 12    God:
Gold:   202        SH:  4    Dex: 14    Spells: 5/5 levels left

rFire    . . .     SeeInvis .   a - +2 dagger
rCold    . . .     Gourm    .   p - +0 buckler
rNeg     . . .     Faith    .   (armour unavailable)
rPois    .         Spirit   .   (helmet restricted)
rElec    .         Reflect  .   c - +1 cloak
rCorr    .         Harm     .   (no gloves)
MR       .....                  (no boots)
Stlth    +++.......             (no amulet)
HPRegen  0.17/turn              (no ring)
MPRegen  0.10/turn              (no ring)

@: slowed, very slow
A: unfitting armour, cold-blooded, AC +6
a: no special abilities


You were on level 5 of the Dungeon.
You were not hungry.

You visited 1 branch of the dungeon, and saw 5 of its levels.

You collected 202 gold pieces.

Inventory:

Hand Weapons
 a - a +2 dagger (weapon)
 b - a +1 blowgun
Missiles
 d - 22 poisoned needles
 e - 2 curare-tipped needles
Armour
 c - a +1 cloak (worn)
 p - a +0 buckler (worn)
Wands
 g - a wand of iceblast (8)
 j - a wand of clouds (5)
Scrolls
 h - a scroll of fog
 i - 3 scrolls of identify
 l - 2 scrolls of enchant weapon
 m - 2 scrolls of immolation
 o - a scroll of blinking {unknown}
Potions
 k - a potion of brilliance
Comestibles
 f - 6 rations
 n - 6 chunks of flesh


   Skills:
 + Level 3.6 Fighting
 * Level 4.2 Short Blades
 + Level 3.0 Throwing
 + Level 2.5 Dodging
 + Level 4.6 Stealth
 + Level 2.0 Shields


You had 5 spell levels left.
You didn't know any spells.
Your spell library was empty.

Dungeon Overview and Level Annotations

Branches:
Dungeon (5/15)
 Temple: D:4-7

Altars:
Hepliaklqana
Kikubaaqudgha
Ru
Trog
Vehumet


Innate Abilities, Weirdness & Mutations

Your plain brown scales are hard. (AC +6)
You cannot fit into any form of body armour.
You are cold-blooded and may be slowed by cold attacks.


Message History

The ice beast barely misses you.
You hit the ice beast.
Your tail-slap misses the ice beast.
The ice beast is severely wounded.
The ice beast barely misses you.
You hit the ice beast but do no damage.
The ice beast is severely wounded.
You barely miss the ice beast. You tail-slap the ice beast.
The ice beast is severely wounded.
The ice beast closely misses you.
You closely miss the ice beast.
The ice beast is severely wounded.
The ice beast hits you. The ice beast freezes you!
You feel yourself slow down.
* * * LOW HITPOINT WARNING * * *
You take 16 damage, and have 12/51 hp.
MASSIVE DAMAGE!!
You hit the ice beast but do no damage.
The ice beast is severely wounded.
The ice beast hits you.
* * * LOW HITPOINT WARNING * * *
The ice beast freezes you!
You die...

############
..........######## #
#.#.............
#.##..............
.................#
................
#...#†## #..
####...#..## #Y# F#.
.........))..###@#.....
.####....#.....!........
.................#.####.
..###.(..#.....###.#
................## #
........##.........
...###..##.#.#####.
........##.#.#
..#####....#.#


You could see an ice beast.

Vanquished Creatures
  An ogre (D:4)
  4 orc wizards
  A jelly (D:5)
  3 worker ants (D:4)
  10 adders
  A worm (D:4)
  3 dart slugs (D:1)
  8 leopard geckos
  6 orcs
  4 giant cockroaches
  4 goblins
  5 hobgoblins
  9 jackals (D:4)
  8 kobolds
  A quokka (D:4)
  2 ball pythons
  A ball python skeleton (D:4)
  3 bats
  6 frilled lizards
  8 rats
88 creatures vanquished.

Notes
Turn   | Place    | Note
-------+----------+-------------------------------------------
     0 | D:1      | namelastname112 the Draconian Assassin began the quest for
                  | the Orb.
     0 | D:1      | Reached XP level 1. HP: 17/17 MP: 1/1
    31 | D:1      | Reached skill level 1 in Dodging
    98 | D:1      | Reached XP level 2. HP: 18/24 MP: 2/2
   705 | D:2      | Reached XP level 3. HP: 30/30 MP: 3/3
   731 | D:2      | Found a hazy altar of Hepliaklqana.
  1124 | D:2      | Found an ancient bone altar of Kikubaaqudgha.
  1665 | D:3      | Reached XP level 4. HP: 37/37 MP: 4/4
  2006 | D:3      | Found a bloodstained altar of Trog.
  2394 | D:4      | Found a radiant altar of Vehumet.
  2564 | D:4      | Noticed an ogre
  2612 | D:4      | Reached XP level 5. HP: 17/44 MP: 5/5
  2624 | D:4      | Killed an ogre
  2624 | D:4      | Reached skill level 1 in Shields
  2749 | D:4      | Found a sacrificial altar of Ru.
  2782 | D:4      | Reached XP level 6. HP: 19/51 MP: 6/6
  3871 | D:5      | Entered Level 5 of the Dungeon
  4356 | D:5      | Noticed an ice beast
  4379 | D:5      | Slain by an ice beast

Vault maps used:
D:1:      dpeg_arrival_more_subterranean_lakeside_camping
D:2:      minmay_door_path, marbit_many_paths, old_standard_altar, first_ration,
          serial_forest, infiniplex_forest_lined_room_,
          infiniplex_forest_lined_3, infiniplex_forest_straight_3,
          infiniplex_forest_straight_3, infiniplex_forest_clump_long,
          infiniplex_forest_straight_2, infiniplex_forest_clump_small,
          infiniplex_forest_zigzag_1
D:3:      trog_book
D:4:      kennysheep_little_box, enter_ossuary_2,
          nicolae_ru_great_annihilating_truth

Skill      XL: |  1  2  3  4  5  6 |
---------------+-------------------+-----
Dodging        | 1 2 |  2.5
Throwing       | 2 3 |  3.0
Stealth        | 4 |  4.6
Short Blades   | 3 4 |  4.2
Fighting       | 3 |  3.6
Shields        | 1 2 |  2.0

Action                   |  1- 3 |  4- 6 || total
-------------------------+-------+-------++-------
Melee: Dagger            |    85 |   226 ||   311
       Tailslap          |     9 |    28 ||    37
       Unarmed           |       |    11 ||    11
 Fire: Blowgun           |       |    15 ||    15
  Use: Scroll            |       |    10 ||    10
       Potion            |       |     3 ||     3
 Stab: Sleeping          |    15 |     5 ||    20
  Eat: Ration            |     1 |       ||     1
       Chunk             |       |     8 ||     8
Armor: Skin              |    21 |    91 ||   112
Dodge: Dodged            |    48 |   137 ||   185
Block: Buckler           |       |    30 ||    30

Table legend:
 A = Non-vault XP
 B = Vault XP
 C = Vault XP percentage of total XP
 D = Non-vault monster count
 E = Vault monster count
 F = Vault count percentage of total count
                 A         B        C        D         E       F
            +---------+---------+-------+---------+---------+-------
      Total |     624 |      64 |   9.3 |      82 |       6 |   6.8
            +---------+---------+-------+---------+---------+-------
        D:1 |      34 |       0 |   0.0 |      16 |       0 |   0.0
        D:2 |      44 |       5 |  10.2 |      14 |       2 |  12.5
        D:3 |      52 |       0 |   0.0 |      16 |       0 |   0.0
        D:4 |     290 |      59 |  16.9 |      27 |       4 |  12.9
        D:5 |     204 |       0 |   0.0 |       9 |       0 |   0.0
            +---------+---------+-------+---------+---------+-------
